[Event "Int SVK-ch Open 2020"]
[Site "Drienica"]
[Date "2020.08.15"]
[Round "7.25"]
[White "Nandrazi, Dominik"]
[Black "Kucera, Michal"]
[Result "0-1"]
[ECO "D00"]
[WhiteElo "1875"]
[BlackElo "1991"]
[Annotator "ChessBase"]
[PlyCount "118"]
[EventDate "2020.08.07"]
[EventType "swiss"]
[EventCountry "SVK"]
[TimeControl "40/5400+30:1800+30"]

1. d4 Nf6 2. Bf4 e6 3. Nc3 d5 4. e3 a6 5. Nf3 Nbd7 6. Be2 Be7 7. Ne5 O-O 8. g4 c5 9. g5 Ne4 10. Nxe4 dxe4 11. h4 Nxe5 12. dxe5 Bd7 13. c3 Bc6 14. Qc2 Qa5 15. O-O Rad8 16. Rfd1 Rxd1+ 17. Bxd1 Rd8 18. Be2 Rd7 19. Kh2 Qd8 20. Rd1 Rxd1 21. Qxd1 Qxd1 22. Bxd1 Kf8 23. Kg3 Ke8 24. Kg4 Kd7 25. Bg3 b5 26. h5 g6 27. hxg6 hxg6 28. Kf4 Bd5 29. a3 Kc6 30. Bc2 c4 31. Bh4 a5 32. Bxe4 Bxe4 33. Kxe4 a4 34. f4 Kc5 35. Bf2 Kb6 36. Bg1 Kc6 37. Kf3 b4 38. cxb4 Bxb4 39. e4 c3 40. Bd4 cxb2 41. Bxb2 Bd2 42. f5 Kc5 43. fxe6 fxe6 44. Ke2 Bxg5 45. Kd3 Bf4 46. Bc3 g5 47. Bb4+ Kb5 48. Bd6 g4 49. Bc7 Bc1 50. Bd6 g3 51. Ke2 Kc4 52. Kf3 Kb3 53. Kxg3 Bxa3 54. Kg4 Bb4 55. Kg5 a3 56. Kf6 a2 57. Bxb4 Kxb4 58. Kxe6 a1=Q 59. Kf5 Kc5 0-1

[Event "Int SVK-ch Open 2020"]
[Site "Drienica"]
[Date "2020.08.15"]
[Round "8.1"]
[White "Hros, Roman"]
[Black "Czebe, Attila"]
[Result "1-0"]
[ECO "A45"]
[WhiteElo "2199"]
[BlackElo "2378"]
[Annotator "ChessBase"]
[PlyCount "118"]
[EventDate "2020.08.07"]
[EventType "swiss"]
[EventCountry "SVK"]
[TimeControl "40/5400+30:1800+30"]

1. d4 Nf6 2. Bf4 g6 3. Nc3 d5 4. e3 Bg7 5. h4 a6 6. h5 Nxh5 7. Rxh5 gxh5 8. Qxh5 Be6 9. Nf3 Nd7 10. Nxd5 Bxd5 11. Qxd5 c6 12. Qg5 Rg8 13. O-O-O e6 14. Qh5 Nf6 15. Qh4 h6 16. Be5 Nd7 17. Qg3 Nxe5 18. dxe5 Qa5 19. Rd4 c5 20. Rg4 Qxa2 21. Nd2 Qa1+ 22. Nb1 Kf8 23. Bd3 a5 24. Bh7 a4 25. f4 a3 26. bxa3 Rxa3 27. Qh4 f6 28. Rxg7 Kxg7 29. Bxg8 Kxg8 30. exf6 Kh7 31. Qg4 Qxf6 32. Nxa3 Qc3 33. Qxe6 Qxa3+ 34. Kd1 Qa1+ 35. Ke2 Qc3 36. Qe4+ Kh8 37. Qe8+ Kg7 38. Qe7+ Kg6 39. Qe4+ Kf6 40. g4 b5 41. Qh7 Qc4+ 42. Kf2 b4 43. Qxh6+ Ke7 44. Qg6 Qc3 45. Ke2 Qc4+ 46. Qd3 Qe6 47. g5 Qg4+ 48. Kd2 Qg2+ 49. Kc1 Qh1+ 50. Kb2 Qh8+ 51. Kb3 Qa8 52. Kb2 Qh8+ 53. Kb3 Qa8 54. Qh7+ Kd6 55. Qg6+ Kc7 56. Kc4 Qa3 57. Qg7+ Kb6 58. Qf6+ Kb7 59. Qe7+ Kb8 1-0

[Event "Int SVK-ch Open 2020"]
[Site "Drienica"]
[Date "2020.08.14"]
[Round "8.2"]
[White "Durica, Daniel"]
[Black "Paluska, Karol"]
[Result "1/2-1/2"]
[ECO "E10"]
[WhiteElo "1937"]
[BlackElo "1873"]
[Annotator "ChessBase"]
[PlyCount "46"]
[EventDate "2020.08.07"]
[EventType "swiss"]
[EventCountry "SVK"]
[SourceTitle "playchess.com"]
[Source "ChessBase"]
[SourceQuality "1"]
[TimeControl "40/5400+30:1800+30"]

1. d4 Nf6 2. c4 e6 3. Nf3 d5 4. cxd5 exd5 5. Nc3 c6 6. Bg5 Bb4 7. Qc2 Be6 8. e3 Nbd7 9. Bd3 h6 10. Bh4 Qa5 11. O-O Bd6 12. a3 Qc7 13. Rac1 a6 14. b4 Bg4 15. Bg3 Bxf3 16. gxf3 Bxg3 17. fxg3 O-O 18. Qf2 Rae8 19. g4 Nb6 20. h4 Rxe3 21. Qxe3 Qg3+ 22. Kh1 Qh3+ 23. Kg1 Qg3+ 1/2-1/2

[Event "Int SVK-ch Open 2020"]
[Site "Drienica"]
[Date "2020.08.15"]
[Round "8.4"]
[White "Istona, Martin"]
[Black "Panko, Radoslav"]
[Result "1-0"]
[ECO "C02"]
[WhiteElo "2267"]
[BlackElo "2025"]
[Annotator "ChessBase"]
[PlyCount "74"]
[EventDate "2020.08.07"]
[EventType "swiss"]
[EventCountry "SVK"]
[TimeControl "40/5400+30:1800+30"]

1. e4 e6 2. d4 d5 3. e5 c5 4. c3 Nc6 5. Nf3 Bd7 6. Be2 f6 7. O-O fxe5 8. Nxe5 Nxe5 9. dxe5 Qc7 10. c4 O-O-O 11. Bf4 Ne7 12. Nc3 g5 13. Bg3 Nf5 14. cxd5 Nxg3 15. fxg3 Qxe5 16. Bf3 Bg7 17. Qb3 Qd4+ 18. Kh1 c4 19. Qc2 Qc5 20. Ne4 Qxd5 21. Rad1 Bd4 22. Nd2 Qc5 23. b4 cxb3 24. Qxb3 Qb5 25. Qc2+ Bc6 26. Rc1 Be3 27. Bxc6 bxc6 28. Qe4 Bxd2 29. Rxc6+ Kb8 30. Rb1 Bb4 31. h3 a5 32. a3 Qd5 33. Rxb4+ axb4 34. Qxb4+ Ka7 35. Qb6+ Ka8 36. Rc7 Qd1+ 37. Kh2 Qa4 1-0

[Event "Int SVK-ch Open 2020"]
[Site "Drienica"]
[Date "2020.08.14"]
[Round "8.4"]
[White "Furman, Slavomir"]
[Black "Bakalar, Jan"]
[Result "0-1"]
[ECO "A48"]
[WhiteElo "1754"]
[BlackElo "1896"]
[Annotator "NA RC"]
[PlyCount "94"]
[EventDate "2020.08.07"]
[EventType "swiss"]
[EventCountry "SVK"]
[SourceTitle "playchess.com"]
[Source "ChessBase"]
[SourceQuality "1"]
[TimeControl "40/5400+30:1800+30"]

1. d4 Nf6 2. Nf3 g6 3. Bf4 Bg7 4. e3 O-O 5. Be2 d6 6. O-O c6 {[%emt 0:04:12] 6...c5 is setting a new trend. A48: 1 d4 Nf6 2 Nf3 g6: Torre, London and Colle Systems.} 7. c4 h6 8. h3 {[%emt 0:01:10] [#]} Re8 $146 ({Predecessor:} 8... Qb6 9. Qb3 c5 10. Nc3 cxd4 11. exd4 Bf5 12. Be3 Qc7 13. Rac1 b6 14. Nh4 Bc8 {1-0 (34) Jaskunaite,A (1323)-Mickunaite,A (1105) Vilnius 2019}) 9. Nc3 a6 10. Qc2 Nbd7 11. Rfd1 Nf8 12. Rac1 e6 13. e4 d5 14. Be5 N8d7 15. Bxf6 Nxf6 16. e5 Nh7 17. c5 Nf8 18. Rd3 Qe7 19. Qd2 g5 20. Nh2 Nh7 (20... f6 $16) 21. Bh5 Rf8 22. Re1 Bd7 23. Bd1 f5 24. Na4 ({White should play} 24. exf6 $16 Nxf6 25. Rde3) 24... Be8 25. Rb3 Bg6 26. Be2 Qc7 27. Qb4 Rfe8 (27... Rab8 $14) 28. Qb6 Qxb6 29. Rxb6 Re7 30. Bd3 Nf8 31. Rc1 Rc7 32. Rc3 Re8 33. b4 $2 (33. Rcb3 $11 Ree7 34. Nc3) 33... Nd7 34. g4 (34. Bxa6 $17 bxa6 35. Rxa6) 34... Nxb6 35. Nxb6 (35. cxb6 $17 Rf7 36. gxf5 Bxf5 37. Bxf5 exf5 38. Nc5) 35... Kh7 36. f3 Rf8 37. Kg2 fxg4 38. fxg4 (38. hxg4 $142 Rcf7 39. Bxg6+ Kxg6 40. Rd3) 38... Rcf7 39. Bxg6+ Kxg6 40. Rc2 Rf4 41. Rd2 R8f7 $2 (41... Re4 42. Na4 Rff4) 42. Nc8 Bf8 43. Nb6 Bg7 44. Nc8 $1 {[%emt 0:00:46] [#]} Bf8 $11 (44... b5 $1 $19 45. cxb6 Rb7) 45. Nb6 $1 h5 (45... Re4 $142 46. Nc8 Rff4) 46. Kg3 $2 (46. Nc8) 46... Bg7 47. Nc8 Rxd4 0-1

[Event "Int SVK-ch Open 2020"]
[Site "Drienica"]
[Date "2020.08.15"]
[Round "8.5"]
[White "Priechodsky, Radovan"]
[Black "Juhar, Roman"]
[Result "0-1"]
[ECO "A40"]
[WhiteElo "1975"]
[BlackElo "2225"]
[Annotator "ChessBase"]
[PlyCount "120"]
[EventDate "2020.08.07"]
[EventType "swiss"]
[EventCountry "SVK"]
[TimeControl "40/5400+30:1800+30"]

1. d4 g6 2. g3 Bg7 3. Bg2 e6 4. e3 Ne7 5. c4 d5 6. cxd5 exd5 7. Nc3 c6 8. Nf3 O-O 9. O-O Bg4 10. h3 Bxf3 11. Bxf3 f5 12. b4 a6 13. a4 Nd7 14. Ba3 b5 15. axb5 axb5 16. Qc2 Nb6 17. Bb2 Qd6 18. Rfb1 Nc4 19. Rxa8 Rxa8 20. Bc1 Nc8 21. Be2 N8b6 22. Bd3 h5 23. h4 Bh6 24. Bxc4 Nxc4 25. e4 Bxc1 26. e5 Qf8 27. Qxc1 f4 28. Qxf4 Qxf4 29. gxf4 Nd2 30. Rc1 Nf3+ 31. Kf1 Nxh4 32. Ne2 Ra6 33. Ng3 Nf3 34. Rd1 Ra2 35. Kg2 Nd2 36. Kh3 Kf7 37. f5 gxf5 38. Nxf5 Ne4 39. Nd6+ Nxd6 40. exd6 Ke6 41. f4 Kxd6 42. Kh4 Ke6 43. Rc1 Kf5 44. Rxc6 Kxf4 45. Kh3 Rb2 46. Rc5 Rxb4 47. Rxd5 Ke4 48. Rxh5 Kxd4 49. Kg2 Rb2+ 50. Kf1 b4 51. Ke1 Kc3 52. Rc5+ Kb3 53. Kd1 Rb1+ 54. Kd2 Ka2 55. Ra5+ Kb2 56. Rb5 b3 57. Rb7 Rh1 58. Rb8 Ka2 59. Kc3 Rc1+ 60. Kd2 b2 0-1

[Event "Int SVK-ch Open 2020"]
[Site "Drienica"]
[Date "2020.08.14"]
[Round "8.5"]
[White "Ivanecka, Natalia"]
[Black "Geffert, Peter"]
[Result "1/2-1/2"]
[ECO "B90"]
[WhiteElo "1641"]
[BlackElo "1857"]
[Annotator "NA RC"]
[PlyCount "68"]
[EventDate "2020.08.07"]
[EventType "swiss"]
[EventCountry "SVK"]
[SourceTitle "playchess.com"]
[Source "ChessBase"]
[SourceQuality "1"]
[TimeControl "40/5400+30:1800+30"]

1. e4 c5 2. Nf3 d6 3. d4 cxd4 4. Nxd4 Nf6 5. Nc3 a6 6. Be3 e5 7. Nb3 Be6 8. Be2 Nbd7 9. O-O Be7 10. Qd2 O-O 11. Rad1 {[%emt 0:02:31] B92: Sicilian Najdorf: 6 Be2.} Rc8 12. f4 {[%emt 0:10:08] [#]} Nb6 $2 $146 (12... b5 $15 {keeps the upper hand.}) ({Predecessor:} 12... exf4 13. Bxf4 Ne5 14. Nd4 b5 15. Bxe5 dxe5 16. Nxe6 fxe6 17. Qxd8 Rfxd8 18. Rxd8+ Rxd8 19. Rd1 Bc5+ 20. Kh1 Bd4 21. Bf3 Rc8 22. h3 h5 23. Kh2 g5 24. Rd2 g4 25. hxg4 hxg4 26. Bd1 g3+ {0-1 (26) Schneider,L (1747)-Koch,M (2170) Wiesbaden 2015}) 13. f5 $2 ({Only move:} 13. fxe5 $16 dxe5 14. Qxd8 {[%mdl 64] Remove Defender} Bxd8 15. Rxd8 {[%mdl 64] Remove Defender} Rfxd8 16. Bxb6) 13... Bc4 14. Rf3 Bxe2 15. Qxe2 Nc4 16. Bc1 Qb6+ 17. Kh1 Qc6 18. Rh3 Nb6 19. Qe1 Rfd8 20. Qh4 (20. g4 $14 {stays ahead.} d5 21. Na5) 20... d5 21. Bg5 $2 {[%emt 0:07:34] [#]} (21. g4 $15 d4 22. g5 dxc3 {[%mdl 64] Discovered Attack} 23. Re1) 21... dxe4 $2 (21... d4 $1 $19 22. Bxf6 Bxf6 23. Qxh7+ Kf8) 22. Bxf6 (22. Re1 $15) 22... Bxf6 23. Qxh7+ Kf8 24. Qh5 {[%emt 0:01:26] [#]} Nc4 $1 25. Qe2 (25. Qg4 $17) 25... Nxb2 (25... e3 $17 26. Rd5 g5) 26. Rh8+ Ke7 27. Rdxd8 Rxd8 28. Rxd8 Kxd8 29. Nxe4 Be7 30. Qd2+ Ke8 31. Qe2 Nc4 (31... Qc4 $17 32. Qxc4 Nxc4) 32. h3 Na3 33. c3 Nb5 34. c4 $11 Na3 1/2-1/2

[Event "Int SVK-ch Open 2020"]
[Site "Drienica"]
[Date "2020.08.15"]
[Round "8.6"]
[White "Majek, Kacper"]
[Black "Demeter, Peter"]
[Result "1-0"]
[ECO "E91"]
[WhiteElo "1970"]
[BlackElo "2139"]
[Annotator "ChessBase"]
[PlyCount "87"]
[EventDate "2020.08.07"]
[EventType "swiss"]
[EventCountry "SVK"]
[TimeControl "40/5400+30:1800+30"]

1. d4 g6 2. c4 Nf6 3. Nf3 Bg7 4. Nc3 c5 5. d5 d6 6. e4 O-O 7. Be2 b5 8. cxb5 a6 9. O-O axb5 10. Bxb5 Ba6 11. Bxa6 Nxa6 12. Qe2 Nd7 13. Bf4 Qb8 14. Rfe1 f6 15. h4 Qe8 16. Nd2 Qf7 17. Nc4 h5 18. Qd2 Nc7 19. Re2 Rfb8 20. Bg3 Rb4 21. Qd3 Ne5 22. Bxe5 fxe5 23. a3 Rbb8 24. Qh3 Ra7 25. Rd1 Bf6 26. Rd3 Bg7 27. Rf3 Qe8 28. g4 Qd7 29. Rg3 Bh6 30. Qg2 Bf4 31. gxh5 Bxg3 32. Qxg3 e6 33. hxg6 exd5 34. exd5 Rf8 35. Re4 Ne8 36. h5 Qf5 37. h6 Rf6 38. Rg4 Qf3 39. Ne4 Qd1+ 40. Kh2 Rf4 41. Ne3 Qd4 42. Rxf4 exf4 43. Qxf4 Rb7 44. h7+ 1-0

[Event "Int SVK-ch Open 2020"]
[Site "Drienica"]
[Date "2020.08.14"]
[Round "8.6"]
[White "Majek, Kacper"]
[Black "Demeter, Peter"]
[Result "1-0"]
[ECO "E91"]
[WhiteElo "1970"]
[BlackElo "2139"]
[Annotator "ChessBase"]
[PlyCount "65"]
[EventDate "2020.08.07"]
[EventType "swiss"]
[EventCountry "SVK"]
[SourceTitle "playchess.com"]
[Source "ChessBase"]
[SourceQuality "1"]
[TimeControl "40/5400+30:1800+30"]

1. d4 g6 2. c4 Nf6 3. Nf3 Bg7 4. Nc3 c5 5. d5 d6 6. e4 O-O 7. Be2 b5 8. cxb5 a6 9. O-O axb5 10. Bxb5 Ba6 11. Bxa6 Nxa6 12. Qe2 Nd7 13. Bf4 Qb8 14. Rfe1 f6 15. h4 Qe8 16. Nd2 Qf7 17. Nc4 h5 18. Qd2 Nc7 19. Re2 Rfb8 20. Bg3 Rb4 21. Qd3 Ne5 22. Bxe5 fxe5 23. Qh3 Rbb8 24. Qd3 Ra7 25. Rd1 Bf6 26. Qh3 Bg7 27. Rd3 Qe8 28. Rf3 Qd7 29. g4 Bh6 30. Rg3 Bf4 31. Qg2 Bxg3 32. gxh5 e6 33. hxg6 1-0

[Event "Int SVK-ch Open 2020"]
[Site "Drienica"]
[Date "2020.08.14"]
[Round "8.7"]
[White "Sedlakova, Ivana"]
[Black "Soldan, Jan"]
[Result "1-0"]
[ECO "D88"]
[WhiteElo "1983"]
[BlackElo "1783"]
[Annotator "ChessBase"]
[PlyCount "41"]
[EventDate "2020.08.07"]
[EventType "swiss"]
[EventCountry "SVK"]
[SourceTitle "playchess.com"]
[Source "ChessBase"]
[SourceQuality "1"]
[TimeControl "40/5400+30:1800+30"]

1. d4 Nf6 2. c4 g6 3. Nc3 d5 4. cxd5 Nxd5 5. e4 Nxc3 6. bxc3 Bg7 7. Bc4 c5 8. Ne2 O-O 9. O-O Nc6 10. Be3 cxd4 11. cxd4 a6 12. Rc1 e6 13. d5 exd5 14. Bxd5 Ne7 15. Bc5 Re8 16. Bb3 Bd7 17. Nf4 Bc6 18. Bxf7+ Kxf7 19. Qb3+ Bd5 20. exd5 Nxd5 21. Nxd5 1-0

[Event "Int SVK-ch Open 2020"]
[Site "Drienica"]
[Date "2020.08.15"]
[Round "8.8"]
[White "Panko Eduard st."]
[Black "Kolesar, Milan"]
[Result "0-1"]
[ECO "B50"]
[WhiteElo "1958"]
[BlackElo "2186"]
[Annotator "ChessBase"]
[PlyCount "100"]
[EventDate "2020.08.07"]
[EventType "swiss"]
[EventCountry "SVK"]
[TimeControl "40/5400+30:1800+30"]

1. e4 c5 2. Nf3 d6 3. c3 Nf6 4. Bd3 Nc6 5. Bc2 g6 6. O-O Bg7 7. Re1 O-O 8. d3 b5 9. Nbd2 b4 10. Nf1 Bg4 11. N1d2 Nd7 12. c4 Nde5 13. h3 Nxf3+ 14. Nxf3 Bxf3 15. Qxf3 a5 16. Ba4 Nd4 17. Qd1 Qb6 18. Rb1 Ra7 19. Be3 Ne6 20. Qd2 Bd4 21. Bh6 Bg7 22. Be3 Rb8 23. Kh1 Qd8 24. Rf1 Qf8 25. f4 Bd4 26. f5 Bxe3 27. Qxe3 Nd4 28. b3 f6 29. Rf2 Qg7 30. Rg1 Kh8 31. g4 Rg8 32. Rfg2 Qf7 33. Qf4 Raa8 34. Rf2 Rg7 35. Qe3 Rag8 36. Rfg2 g5 37. Kh2 h5 38. Kg3 Rh7 39. Rh2 hxg4 40. hxg4 Rxh2 41. Kxh2 Rg7 42. Qf2 Rh7+ 43. Kg2 Rh4 44. Rh1 Qh7 45. Rxh4 Qxh4 46. Be8 Qxg4+ 47. Kf1 Qd1+ 48. Kg2 Qxd3 49. Bg6 Qxe4+ 50. Kf1 Qh1+ 0-1

[Event "Int SVK-ch Open 2020"]
[Site "Drienica"]
[Date "2020.08.14"]
[Round "8.8"]
[White "Hlavac, Peter"]
[Black "Sevcik, Lubomir"]
[Result "1-0"]
[ECO "A06"]
[WhiteElo "1952"]
[BlackElo "1748"]
[Annotator "ChessBase"]
[PlyCount "89"]
[EventDate "2020.08.07"]
[EventType "swiss"]
[EventCountry "SVK"]
[SourceTitle "playchess.com"]
[Source "ChessBase"]
[SourceQuality "1"]
[TimeControl "40/5400+30:1800+30"]

1. Nf3 d5 2. c4 e6 3. d4 f5 4. cxd5 exd5 5. g3 Nf6 6. Bg2 c6 7. O-O Bd6 8. Nc3 O-O 9. Qc2 Ne4 10. Nd2 Nxc3 11. bxc3 f4 12. c4 fxg3 13. hxg3 Qg5 14. Ne4 Qg6 15. cxd5 cxd5 16. Qb3 Bc7 17. Qxd5+ Kh8 18. Ba3 Rd8 19. Qc4 Bb6 20. Nc5 Nc6 21. Rad1 Qg4 22. e4 Ne5 23. Qb3 Nc6 24. d5 Ne5 25. Qc3 Qh5 26. Bb2 Bxc5 27. Qxe5 Qg6 28. Qc7 Bb6 29. Qf4 Bg4 30. Rd2 Rf8 31. Qe5 Rf7 32. Rc1 Raf8 33. Bd4 Ba5 34. Rdc2 Bf3 35. Rc8 Bxg2 36. Rxf8+ Rxf8 37. Kxg2 Re8 38. Qf4 h6 39. e5 Bb4 40. e6 Rf8 41. Qh4 Bd6 42. e7 Re8 43. Re1 Qf7 44. Qxh6+ Kg8 45. Qxd6 1-0

[Event "Int SVK-ch Open 2020"]
[Site "Drienica"]
[Date "2020.08.14"]
[Round "8.9"]
[White "Kukan, Michal"]
[Black "Geffert, Anton"]
[Result "0-1"]
[ECO "A22"]
[WhiteElo "1769"]
[BlackElo "1909"]
[Annotator "ChessBase"]
[PlyCount "80"]
[EventDate "2020.08.07"]
[EventType "swiss"]
[EventCountry "SVK"]
[SourceTitle "playchess.com"]
[Source "ChessBase"]
[SourceQuality "1"]
[TimeControl "40/5400+30:1800+30"]

1. c4 e5 2. Nc3 Nf6 3. g3 c6 4. e4 d6 5. Bg2 Be6 6. b3 Nbd7 7. f4 exf4 8. gxf4 Bg4 9. Nf3 d5 10. cxd5 cxd5 11. exd5 Be7 12. Qc2 O-O 13. O-O Rc8 14. Ne5 Nxe5 15. fxe5 Bc5+ 16. Kh1 Nh5 17. Qd3 Qg5 18. Na4 Be2 19. Rf5 Ng3+ 20. Qxg3 Qxf5 21. Nxc5 Rxc5 22. Ba3 Rc2 23. Bxf8 Kxf8 24. Qe3 Bd3 25. Qxa7 Qxe5 26. Qa8+ Ke7 27. Qxb7+ Kf6 28. Qb6+ Ke7 29. d6+ Kd7 30. Rg1 Be4 31. Qa7+ Kxd6 32. Qb8+ Ke6 33. Qe8+ Kd6 34. Qxe5+ Kxe5 35. Re1 f5 36. d3 Rxg2 37. Rxe4+ fxe4 38. d4+ Kxd4 39. Kxg2 Kd3 40. Kf1 Kd2 0-1

[Event "Int SVK-ch Open 2020"]
[Site "Drienica"]
[Date "2020.08.15"]
[Round "8.10"]
[White "Sankova, Stella"]
[Black "Bombek, Peter"]
[Result "1/2-1/2"]
[ECO "C11"]
[WhiteElo "1990"]
[BlackElo "2181"]
[Annotator "ChessBase"]
[PlyCount "46"]
[EventDate "2020.08.07"]
[EventType "swiss"]
[EventCountry "SVK"]
[TimeControl "40/5400+30:1800+30"]

1. e4 e6 2. d4 d5 3. Nc3 Nf6 4. e5 Nfd7 5. f4 c5 6. Nf3 Nc6 7. Be3 Be7 8. Qd2 O-O 9. Be2 b6 10. O-O f6 11. exf6 Nxf6 12. Kh1 Qc7 13. Bd3 a6 14. Rae1 Ng4 15. g3 Nxe3 16. Qxe3 cxd4 17. Nxd4 Nxd4 18. Qxd4 Bf6 19. Qb4 Qc5 20. Qb3 Bxc3 21. Qxc3 Qxc3 22. bxc3 Bd7 23. c4 Rfc8 1/2-1/2

[Event "Int SVK-ch Open 2020"]
[Site "Drienica"]
[Date "2020.08.14"]
[Round "8.10"]
[White "Nandrazi, Dominik"]
[Black "Socko, Weronika"]
[Result "1-0"]
[ECO "D00"]
[WhiteElo "1875"]
[BlackElo "1741"]
[Annotator "NA RC"]
[PlyCount "121"]
[EventDate "2020.08.07"]
[EventType "swiss"]
[EventCountry "SVK"]
[SourceTitle "playchess.com"]
[Source "ChessBase"]
[SourceQuality "1"]
[TimeControl "40/5400+30:1800+30"]

1. d4 d5 2. Bf4 Nf6 3. e3 e6 4. Nf3 c5 5. c3 Nc6 6. Nbd2 a6 7. Bd3 {[%emt 0:01:06] D02: 1 d4 d5 2 Nf3 sidelines, including 2...Nf6 3 g3 and 2...Nf6 3 Bf4.} c4 8. Bc2 b5 9. Qe2 {[%emt 0:00:05] [#]} Bb7 $146 ({Predecessor:} 9... Be7 10. h3 O-O 11. Ne5 Bb7 12. h4 h5 13. Bg5 Nxe5 14. dxe5 Nd7 15. Bxe7 Qxe7 16. Qxh5 {1-0 (52) Pacheco,J (1557)-Becerra Fonseca,C (1324) Villamaria 2016}) 10. e4 dxe4 11. Nxe4 Nd5 12. Bg5 Be7 13. Bxe7 Qxe7 14. Nc5 h6 15. O-O O-O 16. Rfe1 Rfe8 17. Qd2 Bc8 18. Be4 Rd8 19. a4 Ra7 20. axb5 axb5 21. Bxd5 Rxd5 22. Qf4 Rd8 23. Qe4 Rd6 (23... Rxa1 $11 24. Rxa1 Bb7) 24. Ne5 Nb8 (24... Rxa1 $11 {keeps the balance.} 25. Rxa1 Bb7) 25. Qf4 Na6 26. Nxf7 Rd5 27. Nxa6 Rxa6 28. Rxa6 Bxa6 29. Ne5 Bb7 $1 $11 30. Ng6 Qe8 31. Ne5 Qh5 $2 32. f3 Rd8 33. Ra1 Rf8 34. Qg4 Qe8 35. Ra7 Qc8 36. Ng6 Rf7 37. Nf4 $4 (37. Ra5 $18) 37... Qb8 $2 (37... Bxf3 $1 $19 38. gxf3 Rxa7 39. Nxe6 Qd7) 38. Rxb7 Qxb7 39. Qxe6 (39. Nxe6 $11 {keeps the balance.} Qd7 40. Qe4) 39... Kh7 (39... Qe7 $17 40. Kf2 Qxe6 41. Nxe6 Ra7) 40. Nd5 Qd7 41. Qe4+ Kg8 42. h3 Rf8 $2 (42... Qd8 $11 {and Black has nothing to worry.}) 43. Ne7+ Kf7 44. Ng6 Re8 45. Ne5+ Rxe5 46. Qxe5 ({Less strong is} 46. dxe5 Qd3 $18) 46... Qb7 47. d5 b4 48. d6 bxc3 49. bxc3 Qd7 50. f4 Qa7+ 51. Kh2 Qd7 52. f5 h5 53. Kg3 Qd8 54. Qe6+ Kf8 55. h4 Qb8 56. f6 gxf6 57. Qxf6+ Kg8 58. Qg5+ Kf8 59. Qf4+ {[%emt 0:00:00] Double Attack} Kg7 60. d7 Qa8 61. Qg5+ 1-0

[Event "Int SVK-ch Open 2020"]
[Site "Drienica"]
[Date "2020.08.15"]
[Round "8.11"]
[White "Macko, Michal"]
[Black "Lehocz, Jozsef"]
[Result "1-0"]
[ECO "B01"]
[WhiteElo "2148"]
[BlackElo "1959"]
[Annotator "ChessBase"]
[PlyCount "111"]
[EventDate "2020.08.07"]
[EventType "swiss"]
[EventCountry "SVK"]
[TimeControl "40/5400+30:1800+30"]

1. e4 d5 2. exd5 Qxd5 3. Nc3 Qd6 4. Bc4 c6 5. Qe2 Nf6 6. d3 Bg4 7. f3 Bf5 8. Bd2 Nbd7 9. g4 Bg6 10. f4 h6 11. O-O-O b5 12. Bb3 a5 13. f5 a4 14. fxg6 axb3 15. gxf7+ Kxf7 16. axb3 Ra1+ 17. Nb1 e5 18. Nf3 Nd5 19. Rdf1 Kg8 20. g5 g6 21. gxh6 Nb4 22. Bg5 Nc5 23. Nxe5 Qxe5 24. Qxe5 Ncxd3+ 25. cxd3 Nxd3+ 26. Kc2 Nxe5 27. Rxf8+ Kxf8 28. Bf6 Rxh6 29. Bxe5 Ke7 30. Re1 Kd7 31. Rd1+ Ke7 32. Rd6 Rh5 33. Bg3 Rc5+ 34. Nc3 b4 35. Rd4 Kf7 36. Rxb4 Rf5 37. Rb7+ Ke6 38. b4 g5 39. Rc7 Ra6 40. Ne4 Ra8 41. Kd3 Ra1 42. Rxc6+ Kd7 43. Rc7+ Kd8 44. Rc5 Rf3+ 45. Kc2 g4 46. b5 Ra7 47. b6 Rd7 48. Bc7+ Kc8 49. Nd6+ Rxd6 50. Bxd6+ Kb7 51. Bc7 Rf2+ 52. Kb3 Rf3+ 53. Kb4 Rf2 54. b3 Re2 55. Kb5 g3 56. Bxg3 1-0

[Event "Int SVK-ch Open 2020"]
[Site "Drienica"]
[Date "2020.08.14"]
[Round "8.11"]
[White "Tomanek, Rafael"]
[Black "Striskova, Lucia"]
[Result "0-1"]
[ECO "D91"]
[WhiteElo "1835"]
[BlackElo "1706"]
[Annotator "NA"]
[PlyCount "76"]
[EventDate "2020.08.07"]
[EventType "swiss"]
[EventCountry "SVK"]
[SourceTitle "playchess.com"]
[Source "ChessBase"]
[SourceQuality "1"]
[TimeControl "40/5400+30:1800+30"]

1. d4 Nf6 2. Nf3 g6 3. c4 Bg7 4. Nc3 d5 5. Bg5 c6 6. e3 O-O 7. Bd3 Na6 {[%emt 0:08:10] [#] D91: Grünfeld: 4 Nf3 Bg7 5 Bg5.} 8. Qe2 $146 ({Predecessor:} 8. O-O Nb4 9. Be2 Bf5 10. a3 Na6 11. Qb3 dxc4 12. Qxb7 Qb6 13. Qxb6 axb6 14. Bxc4 b5 15. Be2 Rfd8 16. b4 Nc7 17. Ne5 Rd6 18. Bf3 Nfd5 19. Nxc6 {1-0 (19) Webb,L (2271)-Sidali,E (1724) Reykjavik 2017}) 8... Qa5 9. O-O Bg4 10. c5 e5 11. dxe5 Nd7 12. h3 (12. Bxa6 $15 bxa6 13. Rab1) 12... Bxf3 13. gxf3 Nxe5 14. Bxa6 bxa6 15. Be7 Rfe8 16. Bd6 Nd7 17. Rfc1 Nxc5 ({Black should try} 17... Rac8 $17) 18. Nxd5 Nb3 19. Ne7+ Rxe7 $1 20. Bxe7 Nxa1 21. Rxa1 Rb8 22. Rd1 (22. Ba3 $11) 22... Qxa2 23. Rd8+ (23. Qd3 $15) 23... Rxd8 24. Bxd8 Qxb2 25. Qxa6 {[%emt 0:00:25] [#]} Qa1+ $1 26. Qxa1 Bxa1 27. Ba5 Kf8 28. Kf1 Ke7 29. Ke2 Kd6 30. Kd3 Kc5 31. Kc2 Kc4 32. f4 Bf6 $19 33. Bd2 Bd8 34. Bc3 a5 35. Bd2 a4 36. Bc3 Be7 37. Be5 a3 38. f3 Bc5 0-1

[Event "Int SVK-ch Open 2020"]
[Site "Drienica"]
[Date "2020.08.14"]
[Round "8.12"]
[White "Ganzova, Veronika"]
[Black "Recky, Norbert"]
[Result "1/2-1/2"]
[ECO "B90"]
[WhiteElo "1614"]
[BlackElo "1811"]
[Annotator "NA RC"]
[PlyCount "76"]
[EventDate "2020.08.07"]
[EventType "swiss"]
[EventCountry "SVK"]
[SourceTitle "playchess.com"]
[Source "ChessBase"]
[SourceQuality "1"]
[TimeControl "40/5400+30:1800+30"]

1. e4 c5 2. Nf3 d6 3. d4 cxd4 4. Nxd4 Nf6 5. Nc3 a6 6. Bd3 Nc6 7. Nxc6 bxc6 8. O-O e5 9. f4 {[%emt 0:04:22] B90: Sicilian Najdorf: Unusual White 6th moves, 6 Be3 Ng4 and 6 Be3 e5.} Be7 10. h3 exf4 11. Rxf4 {[%emt 0:00:46] [#]} g5 $146 (11... Nd7 $11) ({Predecessor:} 11... Be6 12. Be3 O-O 13. Qe2 a5 14. Rf2 Rb8 15. Na4 Rb4 16. b3 Nxe4 17. Bb6 Nc3 {1-0 (29) Capellades Subirana,M (2181)-Espuny Vinye,R (1932) Hospitalet de Llobregat 2017}) 12. Rf1 g4 13. hxg4 Nxg4 14. Qf3 Be6 15. Ne2 Rg8 16. Nf4 Ne5 17. Qh5 Bg4 18. Qh2 Qb6+ 19. Kh1 h5 20. Qg1 Qc7 21. Be3 h4 22. Be2 Qd7 23. Qf2 h3 24. g3 $1 h2 (24... Bxe2 $11 25. Nxe2 Rb8) 25. Nd3 ({Much worse is} 25. Qxh2 Bxe2 26. Qxe2 (26. Nxe2 O-O-O $15) 26... Rxg3 $15) 25... O-O-O $2 ({Better is} 25... Bxe2 $14 26. Nxe5 (26. Qxe2 Nxd3 27. cxd3 Rxg3 $11) 26... Qe6 27. Qxe2 dxe5) 26. Nxe5 dxe5 27. Bxa6+ Kb8 28. b4 $2 ({And not} 28. Kxh2 Rh8+ 29. Kg1 Rh7 $15) (28. Bc5 $18 Bxc5 29. Qxc5) 28... Bh3 (28... f5 $1 $14) 29. Rfb1 $2 {[%emt 0:19:51] [#]} (29. Rad1 $1 $16 Qg4 {[#]} 30. Bf4 $1 ) 29... Bh4 $1 30. Bf4 exf4 31. Qxf4+ Qc7 32. Qxc7+ Kxc7 33. gxh4 Rd2 34. Bd3 Rf2 35. Re1 Bg2+ 36. Kxh2 Bxe4+ $2 (36... Bf1+ {mates} 37. Kh1 Rf4 38. Bxf1 Rxh4+ 39. Bh3 Rxh3#) 37. Kh3 Bg2+ $14 38. Kh2 Bd5+ 1/2-1/2